 Dungeon Crawl Stone Soup version 0.19-a0-1268-g6c5d9f8 (webtiles) character file.

411 Jivvin the Ducker (level 6, -5/62 HPs)
             Began as a Troll Monk on Aug 29, 2016.
             Slain by a wraith (11 damage)
             ... on level 7 of the Dungeon.
             The game lasted 00:04:24 (4005 turns).

Jivvin the Ducker (Troll Monk)                      Turns: 4005, Time: 00:04:25

Health: -5/62      AC:  5    Str: 25    XL:     6   Next: 58%
Magic:  5/5        EV: 12    Int:  6    God:
Gold:   174        SH:  0    Dex: 14    Spells: 0 memorised, 5 levels left

rFire  . . .     SeeInvis .       - Unarmed
rCold  . . .     Gourm    +     a - +0 robe
rNeg   . . .     Faith    .     (no shield)
rPois  .         Spirit   .     (helmet restricted)
rElec  .         Dismiss  .     (no cloak)
rCorr  .         Reflect  .     (gloves unavailable)
MR     .....     Harm     .     (boots unavailable)
Stlth  ++........               (no amulet)
                                (no ring)
                                (no ring)

@: mighty
A: unfitting armour, claws 3, fast metabolism 3, gourmand, regeneration 1,
shaggy fur 1, tough skin 2
a: no special abilities


You were on level 7 of the Dungeon.
You were not hungry.

You visited 1 branch of the dungeon, and saw 7 of its levels.

You collected 174 gold pieces.

Inventory:

Armour
 a - a +0 robe (worn)
Jewellery
 m - a +5 ring of slaying {unknown}
Wands
 j - a wand of random effects (26/48)
Scrolls
 g - a scroll of remove curse
 i - 5 scrolls of amnesia
 n - a scroll of identify
Potions
 f - 2 potions of heal wounds {unknown}
 l - a potion of flight {unknown}
 p - a potion of curing {unknown}
 q - a potion of lignification {unknown}
Comestibles
 b - a bread ration
 c - 4 fruits
 d - a meat ration
 h - a beef jerky


   Skills:
 + Level 4.0 Fighting
 * Level 5.0 Dodging
 - Level 1.1 Stealth
 - Level 3.5 Unarmed Combat


You had 5 spell levels left.
You didn't know any spells.

Dungeon Overview and Level Annotations

Branches:
Dungeon (7/15)
 Temple: D:4-7

Altars:

Portals:
Bailey: D:7

Annotations:
D:6 Eustachio, Grinder


Innate Abilities, Weirdness & Mutations

You are too large for most types of armour.
You have claws for hands.
Your metabolism is lightning-fast.
You like to eat raw meat.
Your natural rate of healing is unusually fast.
You are covered in fur. (AC +1)
You have very tough skin. (AC +2)


Message History

The ogre closely misses you.
The ogre hits you with a giant spiked club!
You claw the ogre!
The ogre is heavily wounded.
You scratch the ogre.
The ogre is heavily wounded.
The ogre hits you with a giant spiked club!
You scratch the ogre.
The ogre is severely wounded.
Something hits you. Something shocks you. The wraith closely misses you.
The ogre hits you with a giant spiked club!!
* * * LOW HITPOINT WARNING * * *
Okay, then.
As you read the scroll of fear, it crumbles to dust.
You assume a fearsome visage.
The ogre looks frightened!
The wraith is unaffected.
The wraith closely misses you.
Unknown command.
You feel very mighty all of a sudden. The wraith hits you!
You die...

.....##.....#.....#
...........##......##
#####.......#.......#####
###..................
##................)
#...............)∩
##.........<.....)
##...............
#......@W.O.....
##............$#
#.............#
##.............
#............#
...............
................
.....#..#........
.......##.....(..


You could see a wraith and an ogre (fleeing).

Vanquished Creatures
  A hound (D:4)
  2 orc priests (D:3)
  An orc wizard (D:4)
  A giant frog skeleton (D:4)
  2 worker ants
  Terence (D:2)
  A killer bee zombie (D:7)
  A gnoll (D:1)
  6 adders
  2 oozes
  4 dart slugs
  2 giant geckos (D:2)
  13 orcs
  3 giant cockroaches
  10 goblins
  3 hobgoblins
  6 jackals
  4 quokkas
  3 ball pythons
  9 bats
  5 giant newts
  6 kobolds
  A quokka skeleton (D:5)
  5 rats
92 creatures vanquished.

Notes
Turn   | Place    | Note
-------+----------+-------------------------------------------
     0 | D:1      | Jivvin the Troll Monk began the quest for the Orb.
     0 | D:1      | Reached XP level 1. HP: 22/22 MP: 0/0
   183 | D:1      | Reached XP level 2. HP: 29/29 MP: 1/1
   692 | D:1      | Reached XP level 3. HP: 36/36 MP: 2/2
   847 | D:2      | Reached skill level 3 in Dodging
  1078 | D:2      | Noticed Terence
  1087 | D:2      | Killed Terence
  1087 | D:2      | Reached XP level 4. HP: 37/45 MP: 3/3
  2195 | D:3      | Reached XP level 5. HP: 33/53 MP: 4/4
  2197 | D:3      | Reached skill level 4 in Dodging
  2948 | D:4      | Reached XP level 6. HP: 50/62 MP: 5/5
  3673 | D:5      | Entered Level 5 of the Dungeon
  3773 | D:5      | Noticed an orc warrior
  3784 | D:6      | Noticed Eustachio
  3784 | D:6      | Noticed a slave
  3784 | D:6      | Noticed a slave
  3796 | D:6      | Noticed Grinder
  3800 | D:6      | HP: 3/62 [Grinder/nerve-wracking pain (14)]
  3817 | D:7      | Reached skill level 5 in Dodging
  3993 | D:7      | Noticed a sky beast
  3997 | D:7      | Noticed a wraith
  3997 | D:7      | Found a flagged portal.
  4005 | D:7      | Slain by a wraith

Vault maps used:
D:1:      minmay_arrival_stair_chambers, glass_columns_a, st_stairs_3
D:2:      lemuel_upstairs_altar, lemuel_another_geyser, uniq_terence
D:5:      first_bread
D:6:      minitemple, uniq_grinder, uniq_menkaure, uniq_eustachio, uniq_pikel
D:7:      enter_bailey_2, kennysheep_small_circle

Skill      XL: |  1  2  3  4  5  6 |
---------------+-------------------+-----
Dodging        | 3 4 5 |  5.0
Fighting       | 3 4 |  4.0
Stealth        | |  1.1
Unarmed Combat | |  3.5

Action                   |  1- 3 |  4- 6 || total
-------------------------+-------+-------++-------
Melee: Unarmed           |    78 |   221 ||   299
       Punch             |     2 |     2 ||     4
  Use: Scroll            |       |     9 ||     9
       Potion            |       |     3 ||     3
 Stab: Sleeping          |     3 |     3 ||     6
  Eat: Chunk             |    10 |    17 ||    27
       Bread ration      |       |     1 ||     1
       Meat ration       |       |     1 ||     1
Armor: Robe              |    19 |    70 ||    89
Dodge: Dodged            |    49 |   132 ||   181
